 Dungeon Crawl Stone Soup version 0.29-a0-876-gfc89b1a5bd (webtiles) character file.

Game seed: 5589058995568170778

388 LynnLen the Sneak (level 6, -2/36 HPs)
             Began as a Vampire Enchanter on July 19, 2022.
             Slain by a kobold brigand
             ... wielding a +0 club
              (7 damage)
             ... in a sewer.
             The game lasted 00:11:40 (4965 turns).

LynnLen the Sneak (Vampire Enchanter)               Turns: 4965, Time: 00:11:41

Health: -2/36      AC:  5    Str:  7      XL:     6   Next: 49%
Magic:  9/9        EV: 12    Int: 18      God:
Gold:   162        SH:  0    Dex: 11 (16) Spells: 3/9 levels left

rFire   . . .      SeeInvis +   q - +1 short sword (venom)
rCold   + + .      Faith    .   (no shield)
rNeg    + + +      Spirit   .   r - +0 leather armour
rPois   ∞          Reflect  .   (no helmet)
rElec   .          Harm     .   f - +0 cloak
rCorr   .          Rampage  .   (no gloves)
Will    .....                   (no boots)
Stlth   +++++.....              (no amulet)
HPRegen 0.00/turn               (no ring)
MPRegen 0.11/turn               (no ring)

@: mighty, brilliant, bloodless, inhibited regen
A: bloodless, fangs 3, see invisible, vampiric 2, shaggy fur 1
a: Bat Form, Revivify


You were in a sewer.
You visited 1 branch of the dungeon, and saw 3 of its levels.
You also visited: Sewer.

You collected 162 gold pieces.

Inventory:

Hand Weapons
 a - a +1 dagger
 q - a +1 short sword of venom (weapon)
Armour
 f - a +0 cloak (worn)
 r - a +0 leather armour (worn)
Jewellery
 n - a ring of protection from cold
Scrolls
 b - a scroll of vulnerability {unknown}
 d - a scroll of fear
 i - a scroll of brand weapon {unknown}
 k - 2 scrolls of enchant armour {unknown}
 l - a scroll of enchant weapon {unknown}
 m - a scroll of noise {unknown}
 o - a scroll of poison {unknown}
Potions
 c - a potion of invisibility
 e - 2 potions of mutation
 g - a potion of haste


   Skills:
 * Level 2.4 Fighting
 * Level 4.2 Short Blades
 + Level 3.8 Dodging
 + Level 7.1 Stealth
 - Level 2.0 Spellcasting
 - Level 4.4 Hexes


You had 3 spell levels left.
You knew the following spells:

 Your Spells              Type           Power      Damage    Failure   Level
a - Confusing Touch       Hex            26%        N/A       14%         3
b - Tukima's Dance        Hex            26%        N/A       14%         3

Your spell library contained the following spells:

 Spells                   Type           Power      Damage    Failure   Level
 Ensorcelled Hibernation  Hex/Ice        28%        N/A       17%         2
 Dazzling Flash           Conj/Hex       28%        N/A       32%         3
 Portal Projectile        Hex/Tloc       28%        N/A       32%         3
 Blade Hands              Tmut           1%         N/A       100%        5


Dungeon Overview and Level Annotations

Branches:
Dungeon (3/15)              Sewer (1/1)

Altars:
Uskayaw


Innate Abilities, Weirdness & Mutations

You do not regenerate when monsters are visible.
You are frail without blood (-20% HP).
You can heal yourself when you bite living creatures.
You are immune to poison.
You have razor-sharp teeth.
You have supernaturally acute eyesight. (SInv)
You are afflicted with vampirism and can become a bat while bloodless.
You are covered in fur. (AC +1)


Message History

You barely miss the giant cockroach. Your bite misses the giant cockroach.
The giant cockroach barely misses you. The kobold brigand closely misses you.
The giant cockroach barely misses you.
You hit the giant cockroach.
The giant cockroach is poisoned.
You bite the giant cockroach, but do no damage.
The giant cockroach is moderately wounded.
The kobold brigand hits you with a +0 club.
The giant cockroach bites you.
You barely miss the giant cockroach.
The giant cockroach is heavily wounded.
The kobold brigand hits you with a +0 club.
The giant cockroach closely misses you.
You hit the giant cockroach but do no damage.
The giant cockroach looks even sicker.
The giant cockroach is almost dead.
You kill the giant cockroach!
The kobold brigand hits you with a +0 club.
* * * LOW HITPOINT WARNING * * *
It was a potion of might.
You feel very mighty all of a sudden. The kobold brigand closely misses you.
It was a potion of brilliance.
You feel clever all of a sudden. The kobold brigand closely misses you.
It was a potion of lignification.
You feel woody for a moment.
The kobold brigand hits you with a +0 club.
* * * LOW HITPOINT WARNING * * *
You puncture the kobold brigand!
The kobold brigand is poisoned.
The kobold brigand is moderately wounded.
The kobold brigand hits you with a +0 club.
* * * LOW HITPOINT WARNING * * *
You barely miss the kobold brigand.
The kobold brigand is moderately wounded.
The kobold brigand hits you with a +0 club.
* * * LOW HITPOINT WARNING * * *
You barely miss the kobold brigand. You bite the kobold brigand.
You draw the kobold brigand's blood!
You feel better.
The kobold brigand is heavily wounded.
The kobold brigand hits you with a +0 club!
You die...

...'.......'.......###
≈≈≈#..§.§..#≈≈≈≈≈≈##
#####.....#########
##'''## #≈...≈#
#≈...≈# #≈...≈#
#≈...≈# #≈..@≈#
#≈..K≈# ##!?.## ##.##
#∩ ##


You could see a kobold brigand (very poisoned).

Vanquished Creatures
  2 quasits (Sewer)
  17 adders
  A shadow imp (Sewer)
  7 ufetubi (Sewer)
  6 worms
  3 dart slugs
  5 ball pythons
  9 endoplasms
  8 giant cockroaches
  4 goblins
  5 hobgoblins
  7 quokkas
  11 bats
  13 frilled lizards
  17 kobolds
  A kobold zombie (Sewer)
  2 rats (D:1)
118 creatures vanquished.

Vanquished Creatures (others)
  2 endoplasms (Sewer)
  A giant cockroach zombie (Sewer)
  2 kobold zombies (Sewer)
5 creatures vanquished.

Grand Total: 123 creatures vanquished

Notes
Turn   | Place    | Note
-------+----------+-------------------------------------------
     0 | D:1      | LynnLen the Vampire Enchanter began the quest for the Orb.
     0 | D:1      | Reached XP level 1. HP: 13/13 MP: 3/3
   430 | D:1      | Reached XP level 2. HP: 16/16 MP: 5/5
   624 | D:1      | Reached skill level 5 in Stealth
  1079 | D:1      | Reached skill level 1 in Fighting
  1369 | D:2      | Gained mutation: You are afflicted with vampirism and can
                  | become a bat while bloodless. [Vampire growth]
  1369 | D:2      | Reached XP level 3. HP: 17/20 MP: 6/6
  1373 | D:2      | Learned a level 3 spell: Confusing Touch
  1377 | D:2      | Learned a level 3 spell: Tukima's Dance
  1661 | D:2      | Reached XP level 4. HP: 13/25 MP: 7/7
  2023 | D:2      | Reached skill level 6 in Stealth
  2641 | D:2      | Gained mutation: You are covered in fur. (AC +1) [potion of
                  | mutation]
  2719 | D:3      | Found a hide-covered altar of Uskayaw.
  2744 | D:3      | Found a glowing drain.
  2785 | D:3      | Reached XP level 5. HP: 18/30 MP: 8/8
  2799 | Sewer    | Entered a sewer
  3515 | Sewer    | Reached skill level 7 in Stealth
  3735 | Sewer    | Reached XP level 6. HP: 31/35 MP: 9/9
  4851 | Sewer    | Found a burning altar of Makhleb.
  4965 | Sewer    | Slain by a kobold brigand

Illustrated notes

Levels and vault maps discovered:
D:1:      saegor_arrival_fortress, layout_loops_ring,
          chequers_serial_rivers_room_b
D:2:      layout_basic, minmay_misc_feat_tower, minmay_3d_cube
D:3:      layout_basic, kiku_gazebo_garden_becter,
          nicolae_hepliaklqana_monster_ancestors, makhleb_altar_promises_db,
          mainiacjoe_overflow_six_doors_small,
          shapermc_ecumenical_altar_rom_forum, gup_sewer_entry_glass,
          uniq_natasha
Sewer:    kennysheep_sewer_church

Skill      XL: |  1  2  3  4  5  6 |
---------------+-------------------+-----
Stealth        | 5 6 7 |  7.1
Fighting       | 1 2 |  2.4
Short Blades   | 2 3 4 |  4.2
Dodging        | 3 |  3.8
Spellcasting   | |  2.0
Hexes          | |  4.4

Action                   |  1- 3 |  4- 6 || total
-------------------------+-------+-------++-------
Melee: Dagger            |    92 |    13 ||   105
       Bite              |     6 |    29 ||    35
       Short sword       |       |   275 ||   275
       Punch             |       |     4 ||     4
 Abil: Exsanguinate      |     1 |       ||     1
  Use: Scroll            |     2 |       ||     2
       Potion            |       |     5 ||     5
 Stab: Sleeping          |    12 |     7 ||    19
       Distracted        |       |     1 ||     1
Armor: Robe              |    26 |     1 ||    27
       Leather armour    |       |   136 ||   136
Dodge: Dodged            |    63 |   241 ||   304

Table legend: (Time is in decaauts)
 A = Elapsed time spent in this place.
 B = Non-inter-level travel time spent in this place.
 C = Inter-level travel time spent in this place.
 D = Time resting spent in this place.
 E = Time spent auto-exploring this place.
 F = Levels seen in this place.
 G = Mean time per level.
                   A        B        C        D        E       F      G
               +--------+--------+--------+--------+--------+-----+--------+
         Total |   4948 |   4948 |      0 |   1335 |   1841 |   4 | 1237.0 |
       Dungeon |   2792 |   2792 |      0 |    219 |   1831 |   3 |  930.7 |
         Sewer |   2156 |   2156 |      0 |   1116 |     10 |   1 | 2156.0 |
               +--------+--------+--------+--------+--------+-----+--------+

Top non-repeatable levels by time:
   Sewer: 2156 daAuts
     D:2: 1323 daAuts
     D:1: 1314 daAuts
     D:3: 154 daAuts
